cohdb
Replays
Latest Replays
All Replays
Popular Replays
Top Player Replays
Match Explorer
How It Works
Community
CoH3 Stats
Reddit
Sign in to upload your games and track your stats! →
Sign in with Steam
Match 45669116
Unlisted
Match 45669116
Overview
Messages
Build Orders
End
Kradschützen Motorcycle Team
Panzergrenadier Squad
Selects Italian Combined Arms Battlegroup
Selects Bersaglieri Squad
Panzerpioneer Squad
Panzergrenadier Squad
Construct Light Support Kompanie
2.5-tonne Medical Truck
Construct Mechanized Kompanie
Assault Mechanized Group
Selects Vehicle Support - Secure Location
Support Armor Elements
StuG III D Assault Gun
StuG III D Assault Gun
Selects Semovente da 75/18 Assault Gun
Emergency Repair Kits
Selects Strafing Run
豪师傅
Eilte
Seocheon
CalmDownJustAGame
0
0
Comments
sign in to comment!
No comments posted yet!